 Dungeon Crawl Stone Soup version 0.28.0 (webtiles) character file.

Game seed: 10532886589320316249

70 ProzacElf the Ducker (level 4, -4/33 HPs)
             Began as a Minotaur Hedge Wizard on Feb 14, 2022.
             Was a Believer of Ru.
             Slain by Natasha (8 damage)
             ... on level 2 of the Dungeon.
             The game lasted 00:04:50 (2377 turns).

ProzacElf the Ducker (Minotaur Hedge Wizard)        Turns: 2377, Time: 00:04:50

Health: -4/33      AC:  2    Str: 15 (17) XL:     4   Next: 3%
Magic:  6/6        EV: 12    Int:  9 (11) God:    Ru [**....]
Gold:   57         SH:  0    Dex: 10 (11) Spells: 2/7 levels left

rFire   x . .      SeeInvis .   a - +0 war axe
rCold   x . .      Faith    .   (no shield)
rNeg    . . .      Spirit   .   b - +0 robe
rPois   .          Reflect  .   (helmet unavailable)
rElec   .          Harm     .   (no cloak)
rCorr   .          Rampage  .   (no gloves)
Will    .....                   (no boots)
Stlth   +++.......              (no amulet)
HPRegen 0.11/turn               (no ring)
MPRegen 0.10/turn               (no ring)

@: no status effects
A: horns 3, temperature sensitive, retaliatory headbutt, thin skeletal structure
1, sense surroundings 1
a: Renounce Religion


You were on level 2 of the Dungeon.
You worshipped Ru.
Ru was pleased with you.
You visited 1 branch of the dungeon, and saw 2 of its levels.

You collected 57 gold pieces.

Inventory:

Hand Weapons
 a - a +0 war axe (weapon)
 d - a +0 dagger
Missiles
 h - 117 stones
 i - 12 sling bullets
Armour
 b - a +0 robe (worn)
 c - a +0 hat
Scrolls
 e - a scroll of enchant weapon {unknown}
 f - 3 scrolls of identify {unknown}
 g - 3 scrolls of summoning {unknown}
 j - a scroll of magic mapping {unknown}
Potions
 k - a potion of mutation
 m - a potion of resistance {unknown}


   Skills:
 + Level 3.0 Axes
 + Level 3.7 Dodging
 - Level 1.5 Stealth
 - Level 2.1 Spellcasting
 - Level 0.6 Conjurations
 - Level 0.6 Summonings
 - Level 0.6 Translocations


You had 2 spell levels left.
You knew the following spells:

 Your Spells              Type           Power      Damage    Failure   Level
a - Magic Dart            Conj           8%         1d3       26%         1
b - Call Imp              Summ           2%         N/A       36%         2
o - Blink                 Tloc           4%         N/A       36%         2

Your spell library contained the following spells:

 Spells                   Type           Power      Damage    Failure   Level
 Slow                     Hex            0%         N/A       32%         1
 Conjure Flame            Conj/Fire      1%         6-21      65%         3
 Mephitic Cloud           Conj/Pois/Air  1%         N/A       67%         3


Dungeon Overview and Level Annotations

Branches:
Dungeon (2/15)

Altars:
Ru

Annotations:
D:2 Natasha


Innate Abilities, Weirdness & Mutations

You have a pair of large horns on your head.
You are sensitive to extremes of temperature. (rF-, rC-)
You reflexively headbutt those who attack you in melee.
You have a somewhat thin skeletal structure. (Dex +2, Stealth+)
You passively map a small area around you.


Message History

MP restored: 6 Ye start restin'.
Ye feel sick. x3
Ye be nay longer poison'd.
Ye take 3 damage, an' haf 21/33 hp.
HP restored.
Found a stone staircase leadin' up.
Health restored: 33
h - 117 stones (gain'd 19)
Found a spear.
m - a grey potion Natasha zaps a wand.
Tha puff o' flame hits ye!
Tha fire burns ye terribly!
Ye take 15 damage, an' haf 18/33 hp.
MASSIVE DAMAGE!!
Okay, than.
Ye see 'ere a +0 spear.
Ye start restin'.
Natasha be nearby!
Natasha casts a spell at ye.
Tha magic dart hits ye.
Ye take 6 damage, an' haf 13/33 hp.
Ye be too injured ta fight recklessly!
Ye be too injured ta fight recklessly!
Ye be too injured ta fight recklessly!
Ye be too injured ta fight recklessly!
Ye be too injured ta fight recklessly!
Ye closely miss Natasha.
Yer headbutt misses Natasha.
Natasha claws ye!
* * * LOW HITPOINT WARNIN'
* * * Ye take 9 damage, an' haf 4/33 hp.
MASSIVE DAMAGE!!
It was a potion o' mutation.
Ye feel 'stremely strange.
Tha horns on yer head grow some more.
Yer +0 hat falls away!
Yer bones become slightly less dense.
Ye feel a strange attunemn't ta tha structure o' tha dungeons.
Natasha mumbles some strange words.
It was a potion o' degeneration.
Thar was somethin' very wrong wit tha liquid.
Ye feel weaken'd.
Ye feel dopey.
Ye feel clumsy.
Natasha mumbles some strange words.
Natasha glows brightly fer a momn't.
Natasha claws ye!
Ye die...

, ######.##########.#####
#...............#.....#
#.###...#######.###...# ,
...##.###...#.....#.#...#..
,
......................>.#.#
,
......###.........#.....#.#
.....h# #.....#####.....#.#
, ..).. #h#####...#.#...#.#
.... #.@.[.#.#...#.....# ,,
.S. **#####.#.#####...### ,
.. .........#####..# # #. *
* #.#.........# # * #.####
#.#.#.###...# #....#
#.#.#.###...# ####.#
#.#.#..##...# #.#
#.#.#..##...# * , #†#
#.#.#...#...#


You could see Natasha.

Vanquished Creatures
  3 adders (D:2)
  A dart slug (D:1)
  An endoplasm (D:1)
  4 giant cockroaches (D:1)
  3 hobgoblins
  5 jackals
  4 ball pythons (D:1)
  6 bats (D:1)
  A frilled lizard (D:2)
  4 goblins
  4 kobolds (D:1)
  2 rats (D:1)
38 creatures vanquished.

Notes
Turn   | Place    | Note
-------+----------+-------------------------------------------
     0 | D:1      | ProzacElf the Minotaur Hedge Wizard began the quest for the
                  | Orb.
     0 | D:1      | Reached XP level 1. HP: 14/14 MP: 2/2
    68 | D:1      | Reached skill level 1 in Axes
   457 | D:1      | Reached XP level 2. HP: 18/20 MP: 4/4
   460 | D:1      | Learned a level 2 spell: Blink
   463 | D:1      | Learned a level 2 spell: Call Imp
   961 | D:1      | Found a faded altar of an unknown god.
   973 | D:1      | Prayed at the altar of an unknown god.
   973 | D:1      | Became a worshipper of Ru the Awakened
   987 | D:1      | Gained mutation: You are sensitive to extremes of
                  | temperature. (rF-, rC-) [Ru sacrifice]
   987 | D:1      | Reached * piety under Ru
   987 | D:1      | Reached ** piety under Ru
  1217 | D:1      | Reached XP level 3. HP: 7/26 MP: 5/5
  1906 | D:2      | Noticed Natasha
  2184 | D:2      | Reached XP level 4. HP: 24/33 MP: 6/6
  2376 | D:2      | Gained mutation: You have a pair of large horns on your
                  | head. [potion of mutation]
  2376 | D:2      | Gained mutation: You have a somewhat thin skeletal
                  | structure. (Dex +2, Stealth+) [potion of mutation]
  2376 | D:2      | Gained mutation: You passively map a small area around you.
                  | [potion of mutation]
  2377 | D:2      | Slain by Natasha

Illustrated notes

Levels and vault maps discovered:
D:1:      dpeg_arrival_simpleton_c, layout_basic,
          hellmonk_ecumenical_altar_crossroads
D:2:      layout_basic, uniq_sigmund, uniq_terence, uniq_natasha

Skill      XL: |  1  2  3 |
---------------+----------+-----
Axes           | 1 2 3 |  3.0
Dodging        | 3 |  3.7
Stealth        | |  1.5
Spellcasting   | |  2.1
Conjurations   | |  0.6
Summonings     | |  0.6
Translocations | |  0.6

Action                   |  1- 3 |  4- 6 || total
-------------------------+-------+-------++-------
Melee: War axe           |    83 |     1 ||    84
       Headbutt          |    10 |       ||    10
       Punch             |     1 |       ||     1
 Cast: Magic Dart        |     5 |       ||     5
Invok: Sacrifice Resista |     1 |       ||     1
  Use: Potion            |       |     2 ||     2
 Stab: Sleeping          |     2 |       ||     2
Armor: Robe              |    27 |       ||    27
Dodge: Dodged            |    79 |       ||    79
